 Dungeon Crawl Stone Soup version 0.22-a0-460-g49b1da7 (webtiles) character file.

32 Cunctator the Digger (level 3, -2/19 HPs)
             Began as a Gargoyle Earth Elementalist on June 9, 2018.
             Slain by a sky beast (3 damage)
             ... on level 1 of the Dungeon.
             The game lasted 00:04:59 (1609 turns).

Cunctator the Digger (Gargoyle Earth Elementalist)  Turns: 1609, Time: 00:04:59

Health: -2/19      AC:  5    Str: 11    XL:     3   Next: 25%
Magic:  2/6        EV: 12    Int: 16    God:
Gold:   102        SH:  0    Dex: 10    Spells: 2/6 levels left

rFire    . . .     SeeInvis .   f - +0 whip
rCold    . . .     Gourm    .   (no shield)
rNeg     + . .     Faith    .   c - +0 robe
rPois    ∞         Spirit   .   (no helmet)
rElec    +         Reflect  .   (no cloak)
rCorr    .         Harm     .   (no gloves)
MR       .....                  (no boots)
Stlth    ++........             (no amulet)
HPRegen  0.06/turn              (no ring)
MPRegen  0.10/turn              (no ring)

@: no status effects
A: negative energy resistance 1, electricity resistance, unbreathing,
petrification resistance, rot immunity, AC +3
a: no special abilities


You were on level 1 of the Dungeon.
You were hungry.

You visited 1 branch of the dungeon, and saw 2 of its levels.

You collected 102 gold pieces.

Inventory:

Hand Weapons
 f - a +0 whip (weapon)
 j - a +0 club
Missiles
 b - 47 stones (quivered)
 i - 20 sling bullets
Armour
 c - a +0 robe (worn)
Scrolls
 a - a scroll of immolation {unknown}
 g - a scroll of teleportation {unknown}
 n - a scroll of magic mapping {unknown}
Potions
 e - a potion of mutation {unknown}
 h - a potion of haste {unknown}
 k - a potion of flight {unknown}
 l - a potion of might {unknown}
Comestibles
 d - 3 rations


   Skills:
 - Level 0.2 Maces & Flails
 - Level 1.7 Dodging
 - Level 2.5 Stealth
 + Level 2.4 Spellcasting
   Level 0.7 Transmutations
 + Level 4.3 Earth Magic


You had 2 spell levels left.
You knew the following spells:

 Your Spells              Type           Power        Failure   Level  Hunger
a - Sandblast             Erth           ###...       3%          1    #......
b - Stone Arrow           Conj/Erth      #.....       24%         3    ###....

Your spell library contained the following spells:

 Spells                   Type           Power        Failure   Level  Hunger
 Passwall                 Tmut/Erth      ##......     11%         2    ###....
 Lee's Rapid Deconstruct  Erth           ###.......   67%         5    ######.
 Petrify                  Tmut/Erth      ##......     56%         4    #####..


Dungeon Overview and Level Annotations

Branches:
Dungeon (2/15)

Altars:


Innate Abilities, Weirdness & Mutations

You are resistant to torment.
Your stone body is resilient. (AC +3)
You are immune to poison.
You resist negative energy. (rN+)
You are resistant to electric shocks. (rElec)
You can survive without breathing.
You are immune to petrification.
You are immune to rotting.


Message History

You miss something. Something hits you. Something shocks you. You resist.
Something hits you. Something shocks you. You resist.
You miss something. Something hits you but does no damage.
You completely miss something. Something hits you.
* * * LOW HITPOINT WARNING * * *
Something shocks you. You resist.
* * * LOW HITPOINT WARNING * * *
You closely miss something. Something hits you but does no damage.
You hit something. Something hits you but does no damage.
You barely miss something.
You are feeling hungry.
Something hits you.
* * * LOW HITPOINT WARNING * * *
Something shocks you. You resist.
* * * LOW HITPOINT WARNING * * *
You barely miss something. Something hits you but does no damage.
You miss something. Something hits you but does no damage.
You closely miss something. Something hits you but does no damage.
You barely miss something. Something hits you.
You die...

......###.###.###.#.######.#.##.#
..........................>#....#
......#######.###.#.######.######
......# #.......#.#.#....#..#
......# #.......#.#.#..#.#..##
......# #.........#.##.#.#...####
......# #.........#......#.......
####### #.......{.####.###.#.####
##############.@......# #.#.#
#..........# #........# #...##
#..........# #........####...###
#..........# #..................
##..........# ##..####.#####...##
.#..........# #..# ### #...#
............####..# ##..##
##................# #...#
#..........####.## #...#


There were no monsters in sight!

Vanquished Creatures
  An adder (D:2)
  A dart slug (D:1)
  A giant cockroach (D:1)
  A goblin (D:1)
  3 hobgoblins
  3 kobolds
  A ball python (D:1)
  8 bats
  2 frilled lizards (D:1)
  3 rats (D:1)
24 creatures vanquished.

Notes
Turn   | Place    | Note
-------+----------+-------------------------------------------
     0 | D:1      | Cunctator the Gargoyle Earth Elementalist began the quest for the Orb.
     0 | D:1      | Reached XP level 1. HP: 10/10 MP: 3/3
   512 | D:1      | Reached XP level 2. HP: 15/15 MP: 5/5
   634 | D:1      | Reached skill level 4 in Earth Magic
  1562 | D:2      | Reached XP level 3. HP: 19/19 MP: 4/6
  1567 | D:2      | Learned a level 3 spell: Stone Arrow
  1568 | D:2      | Noticed a sky beast
  1609 | D:1      | Slain by a sky beast

Vault maps used:
D:1:      dpeg_arrival_brainrot, minmay_close_crescents
D:2:      nicolae_overflow_hidden_temple

Skill      XL: |  1  2 |
---------------+-------+-----
Earth Magic    | 4 |  4.3
Maces & Flails | |  0.2
Dodging        | |  1.7
Stealth        | |  2.5
Spellcasting   | |  2.4
Transmutations | |  0.7

Action                   || total
-------------------------++-------
Melee: Whip              ||   110
       Unarmed           ||     6
 Cast: Sandblast         ||    14
  Eat: Chunk             ||     2
Armor: Robe              ||    60
Dodge: Dodged            ||    97

Table legend:
 A = Spawn XP
 B = Non-spawn XP
 C = Spawn XP percentage of total XP
 D = Spawn monster count
 E = Non-spawn monster count
 F = Spawn count percentage of total count
 G = Total turns spent on level
                    A         B        C        D         E        F      G
               +---------+---------+-------+---------+---------+-------+---------
         Total |       0 |      46 |   0.0 |       0 |      24 |   0.0 |  1609
               +---------+---------+-------+---------+---------+-------+---------
           D:1 |       0 |      25 |   0.0 |       0 |      17 |   0.0 |  1319
           D:2 |       0 |      21 |   0.0 |       0 |       7 |   0.0 |   290
               +---------+---------+-------+---------+---------+-------+---------
